 Dungeon Crawl Stone Soup version 0.24.0-3-g28a8eb0610 (webtiles) character file.

Game seed: 16813914119116338816, levelgen mode: deterministic

7322 Mrkan the Cleaver (level 10, -1/102 HPs)
             Began as a Minotaur Chaos Knight on Nov 1, 2019.
             Was a Plaything of Xom.
             Slain by Snorg (10 damage)
             ... on level 10 of the Dungeon.
             The game lasted 00:16:47 (6972 turns).

Mrkan the Cleaver (Minotaur Chaos Knight)           Turns: 6972, Time: 00:16:49

Health: -1/102     AC: 14    Str: 20    XL:     10   Next: 90%
Magic:  9/9        EV:  8    Int:  9    God:    Xom [......]
Gold:   406        SH:  4    Dex: 10    Spells: 9/9 levels left

rFire    . . .     SeeInvis .   a - +1 hand axe (chaos)
rCold    . . .     Gourm    .   D - +0 buckler
rNeg     . . .     Faith    .   A - +0 plate armour
rPois    +         Spirit   .   (helmet unavailable)
rElec    .         Reflect  .   (no cloak)
rCorr    .         Harm     .   (no gloves)
MR       +....     Clarity  +   (no boots)
Stlth    ..........             (no amulet)
HPRegen  0.27/turn              (no ring)
MPRegen  0.11/turn              E - ring of poison resistance

@: no status effects
A: retaliatory headbutt, horns 3, clarity, magic resistance 1, mutation
resistance 1, robust 1, wild magic 2, MP-powered wands
a: Renounce Religion


You were on level 10 of the Dungeon.
You worshipped Xom.
You were a very special plaything of Xom.
You were not hungry.

You visited 1 branch of the dungeon, and saw 10 of its levels.

You collected 406 gold pieces.

Inventory:

Hand Weapons
 a - a +1 hand axe of chaos (weapon)
 y - a +2 dire flail of holy wrath
Armour
 A - a +0 plate armour (worn)
 D - a +0 buckler (worn)
Magical Staves
 l - an uncursed staff of poison
Jewellery
 E - a ring of poison resistance (right hand)
 H - an uncursed ring of ice {unknown}
Wands
 b - a wand of random effects (19)
 e - a wand of paralysis (5)
 m - a wand of acid (16)
 q - a wand of flame (3)
 u - a wand of digging (3)
 F - a wand of disintegration (4)
 G - a wand of scattershot (2)
Scrolls
 f - a scroll of enchant weapon
 g - 7 scrolls of remove curse
 i - 2 scrolls of identify
 j - 2 scrolls of blinking
 p - 3 scrolls of teleportation
 r - a scroll of enchant armour {unknown}
 s - a scroll of amnesia
 v - 2 scrolls of fear
 I - a scroll of brand weapon {unknown}
Potions
 d - a potion of flight
 h - 3 potions of degeneration
 k - 5 potions of heal wounds
 n - a potion of mutation
 o - 5 potions of agility
 t - 5 potions of curing
 w - 2 potions of invisibility
 x - a potion of lignification {unknown}
 z - a potion of ambrosia {unknown}
 B - 2 potions of might
 C - a potion of haste {unknown}
Comestibles
 c - 25 rations
 J - 2 chunks of flesh


   Skills:
 + Level 10.2 Fighting
 * Level 13.4 Axes
 + Level 9.8 Armour
 - Level 4.2 Dodging
 - Level 4.1 Shields


You had 9 spell levels left.
You didn't know any spells.
Your spell library contained the following spells:

 Spells                   Type           Power        Failure   Level  Hunger
 Animate Skeleton         Necr           N/A          100%        1    ##.....
 Infusion                 Chrm           #...         100%        1    ##.....
 Magic Dart               Conj           #...         100%        1    ##.....
 Pain                     Necr           #...         100%        1    ##.....
 Blink                    Tloc           N/A          100%        2    ###....
 Call Imp                 Summ           #.......     100%        2    ###....
 Shroud of Golubria       Chrm/Tloc      #.....       100%        2    ###....
 Slow                     Hex            #.......     100%        2    ###....
 Song of Slaying          Chrm           #.......     100%        2    ###....
 Conjure Flame            Conj/Fire      #.......     100%        3    ####...
 Mephitic Cloud           Conj/Pois/Air  #.......     100%        3    ####...
 Regeneration             Chrm/Necr      #.........   100%        3    ####...
 Spectral Weapon          Hex/Chrm       #.......     100%        3    ####...
 Vampiric Draining        Necr           #.........   100%        3    ####...
 Animate Dead             Necr           N/A          100%        4    #####..
 Irradiate                Conj/Tmut      #.........   100%        5    ######.
 Hydra Form               Tmut           #.........   100%        6    #######
 Statue Form              Tmut/Erth      #........    100%        6    #######
 Dragon Form              Tmut           #.........   100%        7    #######


Dungeon Overview and Level Annotations

Branches:
Dungeon (10/15)            Temple (0/1) D:6
   Lair: D:8-11         Orc: D:9-12

Altars:
Cheibriados
Elyvilon
Fedhas
Gozag
Makhleb
Okawaru
Ru
Wu Jian
Xom
Yredelemnul
Zin

Shops:
D:7 =

Annotations:
D:10 Snorg


Innate Abilities, Weirdness & Mutations

You reflexively headbutt those who attack you in melee.
You have a pair of large horns on your head.
You possess an exceptional clarity of mind.
You are resistant to hostile enchantments. (MR+)
You are somewhat resistant to further mutation.
You are robust. (+10% HP)
Your spells are harder to cast, but more powerful.
You expend magic power (3 MP) to strengthen your wands.


Message History

The helpless Snorg fails to defend herself.
You hit Snorg. You headbutt Snorg!
Snorg is heavily wounded.
The helpless Snorg fails to defend herself.
You slice Snorg!! You burn Snorg. You headbutt Snorg!
Snorg is almost dead.
Snorg is no longer paralysed.
You hit Snorg.
Snorg looks sick.
Snorg is almost dead.
Xom's power touches on you for a moment.
Your body is suffused with distortional energy.
You feel your magical essence link to the dungeon's wands.
Snorg goes berserk!
You hit Snorg.
You feel better.
Your headbutt misses Snorg.
Snorg is almost dead.
Snorg barely misses you. You furiously retaliate!
You headbutt Snorg! Snorg claws you!
* * * LOW HITPOINT WARNING * * *
Snorg claws you!
You die...

#...........#
#...........#
#.......).?.#
#...........#
#...........#
#...........#
#....T......# ###@#
#...# ####### #.###
......# #####'#####
......# #.........#
......####.#########
.(<...'..รท...}....
......####.#######
>)....# #...


You could see Snorg (berserk).

Vanquished Creatures
  A two-headed ogre (D:10)
  A glowing orange brain (shapeshifter) (D:8)
  Maurice (D:8)
  3 trolls (D:9)
  2 hippogriffs (D:7)
  A shadow (D:10)
  A spriggan (D:7)
  2 humans (D:9)
  2 vampire mosquitoes (D:9)
  Edmund (D:4)
  A water moccasin (D:8)
  A swamp drake (D:9)
  A phantom (D:3)
  An orc warrior (D:8)
  2 black bears
  3 ice beasts
  3 ogres
  3 centaurs
  A big kobold (D:9)
  3 bullfrogs
  A wyvern skeleton (D:9)
  6 killer bees (D:8)
  6 scorpions
  2 howler monkeys
  9 crimson imps
  A quasit (D:10)
  6 hounds
  3 jellies
  5 orc priests
  6 orc wizards
  2 bullfrog skeletons
  A centaur skeleton (D:9)
  A centaur zombie (D:6)
  2 iguanas
  4 worker ants
  A worker ant zombie (D:9)
  Robin (D:2)
  14 adders
  14 gnolls
  A shadow imp (D:8)
  3 oozes
  3 adder zombies
  An adder skeleton (D:8)
  2 worms
  5 dart slugs
  4 leopard geckos
  29 orcs
  8 giant cockroaches
  14 goblins
  8 hobgoblins
  4 jackals (D:8)
  9 kobolds
  3 quokkas
  11 bats
  5 frilled lizards
  A jackal skeleton (D:5)
  A leopard gecko skeleton (D:6)
  A leopard gecko zombie (D:6)
  A quokka zombie (D:7)
  7 rats
240 creatures vanquished.

Vanquished Creatures (others)
  An adder (D:8)
  An orc (D:4)
2 creatures vanquished.

Grand Total: 242 creatures vanquished

Notes
Turn   | Place    | Note
-------+----------+-------------------------------------------
     0 | D:1      | Mrkan the Minotaur Chaos Knight began the quest for the
                  | Orb.
     0 | D:1      | Reached XP level 1. HP: 19/19 MP: 0/0
    95 | D:1      | Reached XP level 2. HP: 27/27 MP: 1/1
   111 | D:1      | Reached skill level 4 in Axes
   156 | D:1      | You fall into a shaft and drop 1 floor!
   326 | D:1      | Reached XP level 3. HP: 30/33 MP: 2/2
   655 | D:1      | XOM: god gift: leather armour {god gift}
   762 | D:1      | XOM: god gift: thick glowing staff {god gift}
   889 | D:1      | XOM: summons 2 hostile shadow creatures
  1040 | D:2      | Reached XP level 4. HP: 37/40 MP: 3/3
  1070 | D:2      | Found a blossoming altar of Fedhas.
  1093 | D:2      | XOM: enchant monster (good)
  1095 | D:2      | Reached skill level 5 in Axes
  1143 | D:2      | Reached XP level 5. HP: 27/47 MP: 4/4
  1341 | D:2      | Found a glowing silver altar of Zin.
  1341 | D:2      | Found a sacrificial altar of Ru.
  1341 | D:2      | XOM: 8-stop teleportation journey
  1429 | D:2      | XOM: 1-stop teleportation journey
  1478 | D:2      | Noticed Robin
  1487 | D:2      | Killed Robin
  1729 | D:2      | XOM: medium Conj miscast
  1752 | D:2      | Found a burning altar of Makhleb.
  1752 | D:2      | Noticed an Executioner
  1817 | D:3      | XOM: enchant monster (bad)
  1824 | D:3      | XOM: 4-stop teleportation journey
  1825 | D:3      | Noticed a phantom
  1843 | D:3      | Killed a phantom
  1843 | D:3      | Reached skill level 6 in Axes
  1843 | D:3      | Reached XP level 6. HP: 31/55 MP: 5/5
  1846 | D:3      | Reached skill level 5 in Fighting
  1908 | D:3      | Found a snail-covered altar of Cheibriados.
  1956 | D:3      | XOM: god gift: 28 gold pieces
  2142 | D:3      | Found a shimmering altar of Xom.
  2378 | D:3      | XOM: give mutation
  2378 | D:3      | Gained mutation: Your spells are a little harder to cast,
                  | but a little more powerful. [Xom's grace]
  2407 | D:4      | Noticed Edmund
  2407 | D:4      | XOM: summons 6 friendly demons
  2420 | D:4      | Killed Edmund
  2604 | D:4      | Found an opulent altar of Gozag.
  2665 | D:4      | XOM: scenery: create altars
  2684 | D:4      | Reached XP level 7. HP: 47/61 MP: 6/6
  2920 | D:4      | XOM: cleaving
  2941 | D:4      | Reached skill level 7 in Axes
  2986 | D:4      | XOM: give mutations
  2986 | D:4      | Gained mutation: You are resistant to hostile enchantments.
                  | (MR+) [Xom's grace]
  2986 | D:4      | Gained mutation: You are somewhat resistant to further
                  | mutation. [Xom's grace]
  2986 | D:4      | Gained mutation: You have a pair of large horns on your
                  | head. [Xom's grace]
  3069 | D:4      | XOM: scenery: 1 doors open
  3348 | D:5      | Entered Level 5 of the Dungeon
  3420 | D:5      | XOM: scenery: create altars
  3510 | D:5      | Reached skill level 5 in Armour
  3552 | D:5      | Reached skill level 1 in Shields
  3644 | D:5      | Reached XP level 8. HP: 30/70 MP: 7/7
  3650 | D:5      | Reached skill level 8 in Axes
  3877 | D:5      | XOM: god gift: bloodstained scale mail {god gift}
  3878 | D:5      | Got a bloodstained scale mail {god gift}
  3889 | D:5      | Identified the +6 scale mail "Cerugriwn" {-Tele rCorr Str+7
                  | Slay-3} (Xom gifted it to you on level 5 of the Dungeon)
  4118 | D:5      | XOM: scenery: 3 doors open, 1 doors close
  4134 | D:5      | XOM: give mutations
  4134 | D:5      | Gained mutation: You are robust. (+10% HP) [Xom's grace]
  4134 | D:5      | Gained mutation: You possess an exceptional clarity of
                  | mind. [Xom's grace]
  4134 | D:5      | Gained mutation: You expend magic power (3 MP) to
                  | strengthen your wands. [Xom's grace]
  4134 | D:5      | Gained mutation: You are partially covered in icy blue
                  | scales. (AC +2) [Xom's grace]
  4243 | D:6      | Found an ornate altar of the Wu Jian Council.
  4306 | D:6      | Found a staircase to the Ecumenical Temple.
  4324 | D:6      | XOM: 3-stop teleportation journey
  4390 | D:6      | XOM: cleaving
  4393 | D:6      | XOM: give mutations
  4393 | D:6      | Gained mutation: Your spells are harder to cast, but more
                  | powerful. [Xom's grace]
  4393 | D:6      | Gained mutation: You are partially covered in rugged brown
                  | scales. (AC +1, +3% HP) [Xom's grace]
  4422 | D:6      | XOM: 1-stop teleportation journey
  4438 | D:6      | XOM: harmless Pois miscast
  4495 | D:6      | Found a white marble altar of Elyvilon.
  4749 | D:6      | XOM: cast spell 'Olgreb's Toxic Radiance'
  4864 | D:7      | XOM: cast spell 'Shadow Creatures'
  4869 | D:7      | Reached skill level 9 in Axes
  4943 | D:7      | Noticed a hippogriff
  4948 | D:7      | XOM: potion effect (haste)
  4954 | D:7      | Killed a hippogriff
  4956 | D:7      | Killed a hippogriff
  4956 | D:7      | Reached XP level 9. HP: 77/89 MP: 8/8
  4995 | D:7      | XOM: mild Ice miscast
  5067 | D:7      | Reached skill level 10 in Axes
  5167 | D:7      | XOM: 2-stop teleportation journey
  5284 | D:7      | Found Poitog's Jewellery Shoppe.
  5350 | D:8      | XOM: destruction
  5412 | D:8      | Noticed a glowing shapeshifter
  5412 | D:8      | a bullfrog changed into a glowing shapeshifter
  5412 | D:8      | XOM: polymorph bullfrog -> glowing shapeshifter
  5412 | D:8      | Noticed a merfolk
  5412 | D:8      | a glowing shapeshifter changed into a merfolk
  5413 | D:8      | Noticed a glowing orange brain
  5413 | D:8      | a merfolk changed into a glowing orange brain
  5422 | D:8      | Killed a glowing orange brain
  5422 | D:8      | Reached skill level 11 in Axes
  5424 | D:8      | XOM: summons friendly quasit
  5534 | D:8      | XOM: 1-stop teleportation journey
  5559 | D:8      | XOM: polymorph adder -> killer bee
  5562 | D:8      | XOM: give mutations
  5562 | D:8      | Lost mutation: You are partially covered in icy blue
                  | scales. (AC +2) [Xom's mischief]
  5562 | D:8      | Lost mutation: You expend magic power (3 MP) to strengthen
                  | your wands. [Xom's mischief]
  5562 | D:8      | Lost mutation: You are partially covered in rugged brown
                  | scales. (AC +1, +3% HP) [Xom's mischief]
  5570 | D:8      | XOM: chaos cloud
  5594 | D:8      | XOM: enchant monster (bad)
  5646 | D:8      | XOM: severe Chrm miscast
  5732 | D:8      | Reached XP level 10. HP: 99/99 MP: 9/9
  5776 | D:8      | Found a basalt altar of Yredelemnul.
  5880 | D:8      | Noticed Maurice
  5899 | D:8      | Killed Maurice
  6072 | D:9      | Reached skill level 12 in Axes
  6327 | D:9      | XOM: blink monster(s)
  6371 | D:9      | Found an iron altar of Okawaru.
  6463 | D:9      | XOM: enchant monster (bad)
  6706 | D:9      | Reached skill level 13 in Axes
  6868 | D:10     | Entered Level 10 of the Dungeon
  6887 | D:10     | XOM: 1-stop teleportation journey
  6935 | D:10     | Reached skill level 10 in Fighting
  6949 | D:10     | Noticed a two-headed ogre
  6951 | D:10     | Noticed Snorg
  6959 | D:10     | Killed a two-headed ogre
  6971 | D:10     | XOM: give mutation
  6971 | D:10     | Gained mutation: You expend magic power (3 MP) to
                  | strengthen your wands. [Xom's grace]
  6972 | D:10     | Slain by Snorg

Levels and vault maps discovered:
D:1:      dpeg_arrival_connections, layout_basic, minmay_misc_feat_iff
D:2:      layout_loops_ring, lemuel_doored_altar,
          chequers_temple_overflow_statue_of_worship, makhleb_altar_promises_db,
          uniq_robin
D:3:      layout_basic, nicolae_overflow_crystal_walls, old_standard_altar,
          serial_glass, glass_columns_a, glass_columns_b, glass_columns_c,
          glass_columns_a, glass_columns_a, glass_columns_a, glass_columns_b,
          glass_columns_a, glass_columns_c, glass_columns_c, glass_columns_b,
          glass_columns_a, glass_columns_a, glass_columns_a
D:4:      layout_basic, lemuel_round_altar, minmay_distorted, uniq_edmund
D:5:      layout_loops_corners, first_ration
D:6:      layout_rooms, lemuel_round_altar, lemuel_coloured_pillars_altar,
          temple_green, centaur_isle
D:7:      layout_cave_pools, serial_shops, shop_statue, the_bakery
D:8:      layout_basic, overflow_temple_1_default, uniq_maurice
D:9:      layout_stronghold, okawaru_humans
D:10:     layout_roguey, uniq_nergalle, uniq_snorg

Skill      XL: |  1  2  3  4  5  6  7  8  9 10 |
---------------+-------------------------------+-----
Axes           | 4 5 6 7 9 11 13 | 13.4
Fighting       | 4 5 6 7 8 10 | 10.2
Armour         | 3 4 5 6 8 9 |  9.8
Dodging        | 2 3 4 |  4.2
Shields        | 1 4 |  4.1

Action                   |  1- 3 |  4- 6 |  7- 9 | 10-12 || total
-------------------------+-------+-------+-------+-------++-------
Melee: Hand axe          |    73 |   150 |   354 |   179 ||   756
       Headbutt          |     9 |    23 |    57 |    44 ||   133
  Use: Scroll            |     4 |       |    14 |       ||    18
       Potion            |       |     1 |       |     2 ||     3
 Stab: Paralysed         |       |     6 |     3 |     5 ||    14
       Petrified         |       |     1 |     3 |       ||     4
       Confused          |       |       |     1 |     1 ||     2
       Petrifying        |       |       |     2 |       ||     2
       Sleeping          |       |       |       |     1 ||     1
  Eat: Chunk             |       |     5 |    11 |     4 ||    20
Armor: Leather armour    |    31 |    41 |    10 |       ||    82
       Plate armour      |       |       |   163 |    99 ||   262
Dodge: Dodged            |    38 |    88 |   115 |    72 ||   313
Block: Buckler           |       |       |    38 |    34 ||    72
